 Dungeon Crawl Stone Soup version 0.20-a0-45-gb3e417c (webtiles) character file.

102354 Faca the Warrior (level 15, -2/145 HPs)
             Began as a Minotaur Fighter on Nov 12, 2016.
             Was the Champion of Trog.
             Hit by a large rock thrown by a stone giant (15 damage)
             ... on level 1 of the Depths on Nov 13, 2016.
             The game lasted 04:54:16 (25756 turns).

Faca the Warrior (Minotaur Fighter)                Turns: 25756, Time: 04:54:17

Health: -2/145     AC: 25    Str: 24    XL:     15   Next: 86%
Magic:  14/14      EV: 10    Int:  5    God:    Trog [******]
Gold:   725        SH: 16    Dex: 21    Spells: 0 memorised, 14 levels left

rFire  . . .     SeeInvis .     Y - +9 scimitar "Tuwum" {slice, rN+}
rCold  . . .     Gourm    .     R - +5 chain mail of Weirdness {MR++ Str-2 Stlth+}
rNeg   + . .     Faith    .     c - +1 shield
rPois  .         Spirit   .     (helmet unavailable)
rElec  .         Reflect  .     j - +1 cloak {MR+}
rCorr  .         Harm     .     M - +0 pair of gloves
MR     ++++.                    P - +0 pair of boots
Stlth  ..........               A - amulet of regeneration
                                s - +6 ring of strength
                                F - +4 ring of dexterity

@: no status effects
A: retaliatory headbutt, horns 3
a: Berserk, Trog's Hand, Brothers in Arms, Burn Spellbooks, Renounce Religion


You were on level 1 of the Depths.
You worshipped Trog.
Trog was exalted by your worship.
You were not hungry.

You visited 5 branches of the dungeon, and saw 26 of its levels.
You also visited: Labyrinth.

You collected 2408 gold pieces.
You spent 1683 gold pieces at shops.

Inventory:

Hand Weapons
 m - a +2 antimagic double sword
 o - a +3 mace
 Y - the +9 scimitar "Tuwum" (weapon) {slice, rN+}
   (You bought it in a shop on level 2 of the Orcish Mines)

   It inflicts extra damage upon your enemies.
   It protects you from negative energy.
Missiles
 U - 11 exploding tomahawks (quivered)
Armour
 c - a +1 shield (worn)
 j - a +1 cloak of magic resistance (worn)
 M - a +0 pair of gloves (worn)
 P - a +0 pair of boots (worn)
 R - the +5 chain mail of Weirdness (worn) {MR++ Str-2 Stlth+}
   (You found it on level 15 of the Dungeon)

   It affects your strength (-2).
   It affects your resistance to hostile enchantments.
   It makes you more stealthy.
Jewellery
 l - the ring of Apror {+Fly Str+3}
   (You found it on level 14 of the Dungeon)

   [ring of flight]

   It affects your strength (+3).
   It lets you fly.
 n - an uncursed ring of see invisible
 s - a +6 ring of strength (right hand)
 w - an uncursed ring of poison resistance
 A - an amulet of regeneration (around neck)
 F - a +4 ring of dexterity (left hand)
 I - an uncursed ring of resist corrosion
Wands
 i - a wand of digging (16/24)
 z - a wand of disintegration (15/24)
 D - a wand of disintegration (9/24)
 E - a wand of digging (13/24)
 J - a wand of digging (7/24)
 N - a wand of digging (14/24)
Scrolls
 b - 8 scrolls of teleportation
 h - 2 scrolls of identify
 q - 5 scrolls of magic mapping
 v - 2 scrolls of fear
 y - 9 scrolls of remove curse
 B - 3 scrolls of recharging
 C - a scroll of blinking
 G - a scroll of summoning
 H - 2 scrolls of enchant armour
 Q - 5 scrolls of fog
 W - a scroll of enchant weapon
 X - a scroll of silence
Potions
 d - 2 potions of might
 e - 3 potions of heal wounds
 g - 10 potions of curing
 k - 2 potions of haste
 r - 2 potions of cure mutation
 u - 3 potions of flight
 K - a potion of resistance
 L - a potion of berserk rage
Miscellaneous
 p - a phantom mirror
 S - a fan of gales
 T - a lamp of fire
Comestibles
 a - 5 meat rations
 f - 4 bread rations


   Skills:
 + Level 16.5 Fighting
 + Level 15.7 Long Blades
   Level 7.6(7.8) Axes
 - Level 2.6(5.5) Maces & Flails
 + Level 16.5 Armour
 - Level 1.9 Dodging
 - Level 0.1 Stealth
 + Level 16.3 Shields


You had 14 spell levels left.
You didn't know any spells.

Dungeon Overview and Level Annotations

Branches:
Dungeon (15/15)            Temple (0/1) D:7            Lair (6/6) D:8
  Swamp (0/4) Lair:3        Snake (0/4) Lair:2        Slime (0/5) Lair:6
    Orc (2/2) D:12            Elf (0/3) Orc:2        Vaults (0/5) D:13
 Depths (2/5) D:15           Hell (1/1)
    Dis: Hell:1         Geh: Hell:1         Coc: Hell:1         Tar: Hell:1

Altars:
Ashenzari
Dithmenos
Elyvilon
Gozag
Kikubaaqudgha
Makhleb
Okawaru
Ru
Trog
Uskayaw
Vehumet
Xom
Zin

Shops:
D:4 *   D:6 [   D:8 :   D:15 *   Orc:2 =%*(:   Depths:1 =

Portals:
Hell: Lair:6 Depths:1
Abyss: Depths:1
Trove: Depths:2 (give manual of Long Blades)

Annotations:
D:8 exclusion: ice statue
Hell Geryon


Innate Abilities, Weirdness & Mutations

You reflexively headbutt those who attack you in melee.
You have a pair of large horns on your head.


Message History

The frost giant shouts!
There is a large open door here.
Things that are here:
a chain mail; a +5 demon blade The frost giant casts a spell at you.
The bolt of cold hits you!
There is a stone staircase leading up here.
The frost giant gestures at you while chanting.
The bolt of cold hits you!
A shadow dragon comes into view.
The frost giant points at you and mumbles some strange words.
The bolt of cold hits you!
* * * LOW HITPOINT WARNING * * *
You climb upwards.
There is a stone staircase leading down, spattered with blood here.
You start resting.
A stone giant comes into view.
A stone giant is nearby!
The stone giant throws a large rock.
The large rock hits you!
You die...

.......(........[.[#......#.##
..........C...../..........##
.#......................####
.#................#.....#
....#..#............#...####
...#..........[[....##.....#
..##......#....>[..........#
..#.......#............#...##
..............#.@.....#####.#
#......###.....#..##..#######
##.......#..#.....##..#...#
.)..........##..........#
........../.#...........#
............#..........##
##.......#........#..#.##
....##.......##.....##..#
....####........##.#.#.##


You could see a stone giant.

Vanquished Creatures
  A tentacled monstrosity (Depths:2)
  A lich (Depths:2)
  A titan (Depths:2)
  A fire giant (Depths:1)
  3 very ugly things (Depths:1)
  2 stone giants (Depths:1)
  A vampire knight (Depths:1)
  A spark wasp (Depths:2)
  Snorg (D:11)
  4 fire dragons
  A minotaur (Lab)
  An ettin (Depths:1)
  2 rakshasas
  Josephine (Orc:1)
  4 great orbs of eyes (Depths:1)
  A vault guard (D:13)
  2 ice dragons
  5 hydras
  A spriggan air mage (Depths:2)
  2 centaur warriors
  A deep troll shaman (D:15)
  5 death yaks (Lair:6)
  4 ogre magi
  2 tengu warriors (D:15)
  7 hell knights
  2 spriggan berserkers
  Urug (D:15)
  A glowing orange brain (Depths:2)
  A wizard (Lair:6)
  4 deep trolls
  The ghost of GlassEater the Skirmisher, a novice KoFi of Dithmenos (D:8)
  A flayed ghost (Depths:2)
  2 hill giants
  A necromancer (Depths:2)
  9 ugly things
  A deep elf mage (D:13)
  4 manticores
  7 elephants
  A cyclops (D:15)
  Maurice (D:12)
  4 black mambas
  Psyche (D:8)
  10 spiny frogs
  An orange demon (Lair:6)
  3 gargoyles
  3 rime drakes
  9 komodo dragons
  A queen bee (shapeshifter) (D:15)
  An ice devil (Lair:6)
  A red devil (Lair:6)
  A yaktaur (Depths:1)
  10 trolls
  2 minotaur zombies (Lab)
  A polar bear (Lair:6)
  14 blink frogs
  6 two-headed ogres
  Prince Ribbit (D:5)
  A meliai zombie (D:15)
  13 hippogriffs
  4 slime creatures
  Sigmund (D:2)
  5 wraiths
  2 shadows
  11 yaks
  4 wyverns
  3 vampires
  2 basilisks (Lair:3)
  6 vampire mosquitoes
  7 hungry ghosts
  A naga (Lair:2)
  8 water moccasins
  A floating eye (Depths:2)
  3 ice beasts
  14 orc warriors
  3 porcupines
  5 sky beasts
  3 eyes of draining
  24 ogres
  3 wolves
  A necrophage (D:7)
  6 boggarts
  5 phantoms
  9 centaurs
  15 crocodiles
  3 big kobolds
  A wyvern zombie (D:13)
  16 bullfrogs
  2 wyvern skeletons
  3 scorpions
  14 killer bees
  7 howler monkeys
  15 wights
  An electric eel (D:9)
  13 crimson imps
  A quasit (D:10)
  9 hounds
  2 bullfrog zombies
  8 jellies
  8 orc priests
  3 centaur skeletons
  6 bullfrog skeletons
  Crazy Yiuf (D:2)
  24 orc wizards
  Terence (D:2)
  4 iguanas
  Natasha (thrice) (D:4)
  9 worker ants
  2 human simulacra (D:9)
  A hound zombie (D:7)
  2 hound skeletons (D:5)
  4 gnolls (D:7)
  19 adders
  4 shadow imps
  An ooze (Lair:6)
  An adder skeleton (D:8)
  An adder zombie (D:9)
  4 worms (D:2)
  4 dart slugs
  6 leopard geckos
  68 orcs
  4 ball pythons
  3 giant cockroaches
  10 hobgoblins
  14 jackals
  5 quokkas
  4 bats
  2 frilled lizards
  A giant cockroach zombie (D:5)
  5 goblins
  31 kobolds
  A quokka zombie (D:5)
  13 rats
685 creatures vanquished.

Vanquished Creatures (collateral kills)
  An ogre mage (Orc:2)
  A sun demon (Lair:6)
  A deep troll (Orc:2)
  2 hill giants (Orc:2)
  2 cyclopes (Orc:2)
  An orange demon (Lair:6)
  A smoke demon (Lair:6)
  A hellwing (Lair:6)
  3 ice devils (Lair:6)
  2 red devils (Lair:6)
  4 trolls (Orc:2)
  4 two-headed ogres (Orc:2)
  7 ogres (Orc:2)
30 creatures vanquished.

Vanquished Creatures (others)
  A blink frog (Lair:6)
  An orc (Orc:1)
  4 fungi (Lair:6)
6 creatures vanquished.

Grand Total: 721 creatures vanquished

Notes
Turn   | Place    | Note
-------+----------+-------------------------------------------
     0 | D:1      | Faca the Minotaur Fighter began the quest for the Orb.
     0 | D:1      | Reached XP level 1. HP: 19/19 MP: 0/0
    67 | D:1      | Reached XP level 2. HP: 23/27 MP: 1/1
   344 | D:1      | Reached XP level 3. HP: 32/33 MP: 2/2
   772 | D:2      | Noticed Sigmund
   797 | D:2      | Killed Sigmund
   797 | D:2      | Reached skill level 5 in Armour
   797 | D:2      | Reached skill level 1 in Dodging
   797 | D:2      | Reached XP level 4. HP: 6/41 MP: 3/3
   797 | D:2      | Reached XP level 5. HP: 7/47 MP: 4/4
   888 | D:2      | Found a bloodstained altar of Trog.
   888 | D:2      | Noticed a moth of wrath
  1159 | D:2      | Noticed Terence
  1169 | D:2      | Killed Terence
  1382 | D:2      | Became a worshipper of Trog the Wrathful
  1578 | D:2      | Reached XP level 6. HP: 53/53 MP: 5/5
  1592 | D:2      | Found a runed door.
  1596 | D:2      | Noticed Crazy Yiuf
  1601 | D:2      | Killed Crazy Yiuf
  2069 | D:3      | Reached * piety under Trog
  2161 | D:3      | Reached skill level 5 in Shields
  2188 | D:3      | Found an ancient bone altar of Kikubaaqudgha.
  2482 | D:4      | Reached skill level 5 in Fighting
  2587 | D:4      | Noticed Natasha
  2597 | D:4      | Killed Natasha
  2612 | D:4      | Noticed Natasha
  2617 | D:4      | Killed Natasha
  2746 | D:4      | Reached XP level 7. HP: 61/61 MP: 6/6
  2765 | D:4      | Reached skill level 1 in Long Blades
  2790 | D:4      | Found Jummimio's Assorted Antiques.
  2985 | D:4      | Reached ** piety under Trog
  3014 | D:4      | Found a glowing silver altar of Zin.
  3106 | D:4      | Noticed Natasha
  3108 | D:4      | Killed Natasha
  3159 | D:5      | Entered Level 5 of the Dungeon
  3194 | D:5      | Reached skill level 5 in Axes
  3327 | D:5      | Noticed Prince Ribbit
  3353 | D:5      | Reached XP level 8. HP: 59/70 MP: 7/7
  3821 | D:5      | Killed Prince Ribbit
  4163 | D:5      | Reached *** piety under Trog
  4707 | D:6      | Reached XP level 9. HP: 71/79 MP: 8/8
  4711 | D:6      | Reached skill level 5 in Long Blades
  4761 | D:6      | Found a radiant altar of Vehumet.
  4828 | D:6      | Found Ujifet's Armour Shoppe.
  5019 | D:7      | Found a staircase to the Ecumenical Temple.
  5124 | D:7      | Reached **** piety under Trog
  5147 | D:7      | Found a white marble altar of Elyvilon.
  5566 | D:7      | Found a radiant altar of Vehumet.
  5680 | D:7      | Found a sacrificial altar of Ru.
  5709 | D:8      | Found a shattered altar of Ashenzari.
  5721 | D:8      | Found an iron altar of Okawaru.
  5775 | D:8      | Noticed an ice statue
  5837 | D:8      | Found Hujur's Book Emporium.
  6058 | D:8      | Noticed Psyche
  6062 | D:8      | Killed Psyche
  6071 | D:8      | Noticed GlassEater's ghost (novice KoFi)
  6080 | D:8      | Killed GlassEater's ghost
  6080 | D:8      | Reached XP level 10. HP: 86/90 MP: 9/9
  6143 | D:8      | Noticed an elephant
  6143 | D:8      | Found a staircase to the Lair.
  6176 | D:8      | Killed an elephant
  6331 | Lair:1   | Entered Level 1 of the Lair of Beasts
  6331 | Lair:1   | Found a shadowy altar of Dithmenos.
  6850 | D:9      | Reached skill level 10 in Armour
  6890 | D:9      | Reached ***** piety under Trog
  7428 | D:10     | Entered Level 10 of the Dungeon
  7451 | D:10     | Reached skill level 10 in Fighting
  7698 | D:10     | Noticed a hill giant
  7702 | D:10     | Killed a hill giant
  7702 | D:10     | Reached skill level 10 in Shields
  7972 | D:10     | Reached XP level 11. HP: 100/100 MP: 10/10
  8111 | D:10     | Received a gift from Trog
  8418 | D:10     | Found a runed door.
  8479 | D:10     | Noticed a centaur warrior
  8491 | D:10     | Killed a centaur warrior
  8609 | D:11     | Noticed a white ugly thing
  8620 | D:11     | HP: 1/101 [white ugly thing (21)]
  8624 | D:11     | Killed a white ugly thing
  9347 | D:11     | Noticed Snorg
  9350 | D:11     | Killed Snorg
  9691 | D:11     | Noticed a five-headed hydra
  9702 | D:11     | Killed a five-headed hydra
  9753 | D:11     | Reached skill level 10 in Long Blades
 10691 | Lair:1   | Reached XP level 12. HP: 110/110 MP: 11/11
 10874 | Lair:2   | Found a staircase to the Snake Pit.
 10976 | Lair:2   | Found a labyrinth entrance.
 10995 | Lab      | Entered a labyrinth
 11515 | Lab      | Noticed a minotaur
 11526 | Lab      | Killed a minotaur
 12274 | Lair:3   | Received a gift from Trog
 13137 | Lair:3   | Noticed a six-headed hydra
 13148 | Lair:3   | Killed a six-headed hydra
 13543 | Lair:3   | Found a staircase to the Swamp.
 13566 | Lair:3   | Upgraded the game from 0.20-a0-40-gb6e7b4f to 0.20-a0-45-gb3e417c
 14653 | Lair:6   | Entered Level 6 of the Lair of Beasts
 14674 | Lair:6   | Reached XP level 13. HP: 104/122 MP: 9/12
 14882 | Lair:6   | Found a staircase to the Slime Pits.
 15203 | Lair:6   | Received a gift from Trog
 16240 | Lair:6   | Reached ****** piety under Trog
 16266 | Lair:6   | Received a gift from Trog
 17049 | Lair:6   | Found a burning altar of Makhleb.
 17152 | Lair:6   | Found a gateway to Hell.
 18022 | D:12     | Noticed Maurice
 18076 | D:12     | Killed Maurice
 18120 | D:12     | Got a bloodstained quarterstaff
 18509 | D:12     | Found a staircase to the Orcish Mines.
 18623 | Orc:1    | Entered Level 1 of the Orcish Mines
 18623 | Orc:1    | Noticed Josephine
 18699 | Orc:1    | Killed Josephine
 18704 | Orc:1    | Found an iron altar of Okawaru.
 18761 | Orc:2    | Entered Level 2 of the Orcish Mines
 19230 | Orc:1    | Reached XP level 14. HP: 132/132 MP: 13/13
 19443 | Orc:2    | Found a staircase to the Elven Halls.
 19513 | Orc:2    | Found Emor's Jewellery Shop.
 19525 | Orc:2    | Found Qulewo's Antique Weapon Emporium.
 19586 | Orc:2    | Received a gift from Trog
 19890 | Orc:2    | Found Semoll's Food Boutique.
 19919 | Orc:2    | Found Nuilloph's General Store.
 19927 | Orc:2    | Bought a scroll of identify for 24 gold pieces
 19929 | Orc:2    | Found Xoaghek's Book Boutique.
 20099 | Orc:2    | Bought a brightly glowing short sword for 208 gold pieces
 20167 | Orc:2    | Bought the +9 scimitar "Tuwum" {slice, rN+} for 746 gold pieces
 20185 | Orc:2    | Identified the cursed +1 short sword "Killer Bee's Bane" {elec, Int+6} (You bought it in a shop on level 2 of the Orcish Mines)
 20204 | Orc:2    | Bought an uncursed amulet of regeneration for 420 gold pieces
 21007 | D:13     | Found a gate to the Vaults.
 21707 | D:14     | Reached skill level 15 in Armour
 21772 | D:14     | Reached skill level 15 in Fighting
 21920 | D:14     | Gained mutation: You have a pair of large horns on your head. [potion of beneficial mutation]
 21941 | D:14     | Found a hide-covered altar of Uskayaw.
 21953 | D:14     | Got a smoking ivory ring
 21955 | D:14     | Identified the ring of Apror {+Fly Str+3} (You found it on level 14 of the Dungeon)
 22465 | D:15     | Entered Level 15 of the Dungeon
 22488 | D:15     | Received a gift from Trog
 22577 | D:15     | Noticed Urug
 22606 | D:15     | Killed Urug
 22606 | D:15     | Reached skill level 15 in Shields
 22850 | D:15     | Got a crude chain mail
 22861 | D:15     | Identified the +5 chain mail of Weirdness {MR++ Str-2 Stlth+} (You found it on level 15 of the Dungeon)
 22992 | D:15     | Found an opulent altar of Gozag.
 22996 | D:15     | Found Gozag's Platinum Reserve.
 23220 | D:15     | Found a staircase to the Depths.
 23383 | Depths:1 | Entered Level 1 of the Depths
 23383 | Depths:1 | Found a one-way gate to the infinite horrors of the Abyss.
 23383 | Depths:1 | Noticed a vampire knight
 23409 | Depths:1 | Killed a vampire knight
 23573 | Depths:1 | Reached XP level 15. HP: 136/141 MP: 14/14
 23963 | Depths:1 | Found Util's Jewellery Shop.
 23966 | Depths:1 | Bought an uncursed ring of see invisible for 285 gold pieces
 24009 | Depths:1 | Reached skill level 15 in Long Blades
 24468 | Depths:2 | Found a shimmering altar of Xom.
 24470 | Depths:2 | Found a stormy altar of Qazlal.
 24470 | Depths:2 | Found a glowing golden altar of the Shining One.
 24497 | Depths:2 | Received a gift from Trog
 24503 | Depths:2 | Found a shadowy altar of Dithmenos.
 24503 | Depths:2 | Found a sparkling altar of Nemelex Xobeh.
 24503 | Depths:2 | Found a glowing silver altar of Zin.
 24584 | Depths:2 | Found a portal to a secret trove of treasure.
 24869 | Hell     | Entered the Vestibule of Hell
 24869 | Hell     | Noticed Geryon
 25260 | Depths:2 | Noticed a tentacled monstrosity
 25270 | Depths:2 | Noticed a titan
 25272 | Depths:2 | Killed a tentacled monstrosity
 25276 | Depths:2 | Noticed a fire giant
 25414 | Depths:1 | Killed a fire giant
 25477 | Depths:2 | Killed a titan
 25527 | Depths:2 | Paralysed by a floating eye for 2 turns
 25630 | Depths:2 | Noticed a lich
 25640 | Depths:2 | Killed a lich
 25727 | Depths:2 | Noticed a frost giant
 25742 | Depths:2 | Noticed a shadow dragon
 25742 | Depths:2 | HP: 2/145 [frost giant/bolt of cold (47)]
 25756 | Depths:1 | Hit by a large rock thrown by a stone giant

Vault maps used:
D:1:      dpeg_arrival_houses_and_road
D:2:      tgw_trog, uniq_crazy_yiuf_cottage, uniq_sigmund, uniq_terence
D:3:      kiku_gazebo_pond_becter, first_bread
D:4:      zin_academy, serial_shops, shop_fountains, kennysheep_generic_room_3,
          uniq_natasha
D:5:      wad_lake_hut, guppyfry_early_orc_mine, uniq_prince_ribbit1
D:6:      serial_shops, shop, hangedman_decor_lopped, minmay_ruined_shrine
D:7:      kennysheep_mini, elyvilon_altar_1, nicolae_sextant, grunt_ogre_cave,
          hangedman_abyss_or_decor_stagger, nicolae_ru_path_of_blood
D:8:      lemuel_ice_statue, grunt_temple_overflow_open, david_lair_generic,
          serial_shops, shop, uniq_psyche
D:9:      bh_circular_ruins
D:10:     minmay_st_funbox
D:11:     uniq_snorg
D:12:     orc_0_dummy, uniq_maurice
D:13:     david_vaults_5, minmay_librarian
D:14:     minmay_misc_feat_doors, basic_altar
D:15:     grunt_enter_depths_hoard, nicolae_gozag_zags_fifth_avenue,
          grunt_decor_fettered, uniq_urug
Lair:1:   basic_altar, beast_lair_carwin_6
Lair:2:   guppyfry_snake_entry_island, lab_entry_generic,
          grunt_forest_small_clearing_treed
Lair:3:   minmay_swamp_entry_worms, grunt_forest_large_clearings,
          grunt_megastairs_2
Lair:5:   lemuel_fruit_tree, infiniplex_staircase_pool_2, grunt_megastairs_4
Lair:6:   evil_forest, nicolae_slime_entry_slimehenge
Orc:1:    okawaru_metal_pillars_1_2, uniq_josephine
Orc:2:    st_orc_open, serial_shops, shop
Depths:1: hell_entry, serial_shops, nicolae_shop_behind_doors, abyss_entry,
          hangedman_decor_growths, minivault_16, kennysheep_generic_room_14
Depths:2: hangedman_arch_fort, nicolae_trove_entry_diagonal,
          pf_hell_entry_great_geh, doesnt_xom_only_xom
Lab:      labyrinth_hidden_loot, nicolae_lab_hexagon, nicolae_lab_statue,
          lab_fountain, labyrinth_fake_exit, lab_statue

Skill      XL: |  1  2  3  4  5  6  7  8  9 10 11 12 13 14 15 |
---------------+----------------------------------------------+-----
Armour         | 4 5 6 7 9 10 12 13 14 15 16 | 16.5
Shields        | 4 5 6 7 8 10 11 12 14 15 16 | 16.3
Fighting       | 4 5 6 7 8 10 11 13 14 15 16 | 16.5
Axes           | 3 4 5 6 7 |  7.6
Maces & Flails | 2 |  2.6
Dodging        | 1 |  1.9
Long Blades    | 2 4 6 8 10 11 13 14 15 | 15.7
Stealth        | |  0.1

Action                   |  1- 3 |  4- 6 |  7- 9 | 10-12 | 13-15 || total
-------------------------+-------+-------+-------+-------+-------++-------
Melee: War axe           |    26 |       |       |       |       ||    26
       Headbutt          |     6 |    28 |    55 |   202 |   394 ||   685
       Mace              |    56 |   110 |       |    15 |    15 ||   196
       Falchion          |       |    42 |   275 |   161 |       ||   478
       Scimitar          |       |       |       |   489 |  1056 ||  1545
       Double sword      |       |       |       |       |     2 ||     2
Throw: Javelin           |       |     2 |    11 |       |       ||    13
Invok: Burn Spellbooks   |       |     1 |     1 |     2 |     3 ||     7
       Brothers in Arms  |       |       |       |       |     7 ||     7
Evoke: Wand              |       |       |       |     1 |       ||     1
  Use: Scroll            |     4 |     4 |     4 |    10 |    18 ||    40
       Potion            |       |     2 |       |       |     5 ||     7
  Eat: Beef jerky        |       |     1 |       |     7 |     4 ||    12
       Pizza             |       |     1 |       |       |     1 ||     2
       Bread ration      |       |     1 |       |     3 |     2 ||     6
       Meat ration       |       |       |     2 |       |     1 ||     3
       Fruit             |       |       |       |    12 |    24 ||    36
Armor: Scale mail        |    66 |     8 |       |       |       ||    74
       Chain mail        |       |    83 |   118 |    53 |    86 ||   340
       Plate armour      |       |       |       |   242 |   266 ||   508
Dodge: Dodged            |    31 |    46 |    57 |   148 |   181 ||   463
Block: Shield            |    41 |    97 |   182 |   457 |   587 ||  1364
       Rpst.: Falchion   |       |     5 |    16 |    10 |       ||    31
       Scimitar          |       |       |       |    23 |    34 ||    57
